 Dungeon Crawl Stone Soup version 0.18-a0-1784-ga939a68 (webtiles) character file.

15025 Kidiri the Fighter (level 11, -1/101 HPs)
             Began as a Minotaur Fighter on Apr 18, 2016.
             Was an Elder of Okawaru.
             Slain by an 18-headed hydra (11 damage)
             ... on level 2 of the Lair of Beasts.
             The game lasted 01:31:50 (12023 turns).

Kidiri the Fighter (Minotaur Fighter)              Turns: 12023, Time: 01:31:51

Health: -1/101     AC: 21    Str: 24    XL:     11   Next: 96%
Magic:  12/13      EV: 17    Int:  5    God:    Okawaru [****..]
Gold:   560        SH: 14    Dex: 10    Spells: 0 memorised, 10 levels left

rFire  x . .     SeeInvis .     t - +2 falchion (slice)
rCold  + + +     Gourm    .     z - +1 ice dragon armour of Pakellas's Fury {rElec rF- rC++}
rNeg   + . .     Faith    .     c - +0 shield
rPois  .         Spirit   .     (helmet restricted)
rElec  +         Dismiss  .     (no cloak)
rCorr  .         Reflect  .     k - +1 pair of gloves {rC+}
SustAt .         Harm     .     l - +0 pair of boots
MR     .....                    p - amulet of regeneration
Stlth  +.........               G - ring of positive energy
                                I - ring of protection from cold

@: heroism, not resistant to hostile enchantments, very unstealthy
A: retaliatory headbutt, horns 2, repulsion field 1, molten scales 1, MP-powered
wands
a: Heroism, Renounce Religion


You were on level 2 of the Lair of Beasts.
You worshipped Okawaru.
Okawaru was greatly pleased with you.
You were very hungry.

You visited 3 branches of the dungeon, and saw 11 of its levels.
You also visited: Sewer and Ice Cave.

You collected 560 gold pieces.

Inventory:

Hand Weapons
 t - a +2 falchion of slicing (weapon)
Missiles
 C - 5 javelins (quivered)
Armour
 c - a +0 shield (worn)
 k - a +1 pair of gloves of cold resistance (worn)
 l - a +0 pair of boots (worn)
 o - a +4 chain mail of magic resistance
 z - the +1 ice dragon armour of Pakellas's Fury (worn) {rElec rF- rC++}
   (You found it in an ice cave)

   It makes you vulnerable to fire.
   It greatly protects you from cold.
   It insulates you from electricity.
 L - a +3 chain mail of magic resistance
Jewellery
 p - an amulet of regeneration (around neck)
 s - an uncursed ring of protection from cold
 G - a ring of positive energy (right hand)
 I - a ring of protection from cold (left hand)
Wands
 d - a wand of heal wounds (7/9)
 i - a wand of paralysis (17/24)
 y - a wand of enslavement (13/24)
 B - a wand of paralysis (8/24)
 M - a wand of confusion (35/48)
 N - a wand of iceblast (10/15)
Scrolls
 a - a scroll of enchant armour {unknown}
 b - a scroll of immolation
 g - 2 scrolls of remove curse
 h - 3 scrolls of fog
 j - 2 scrolls of fear
 m - 4 scrolls of teleportation
 q - 3 scrolls of amnesia
 r - a scroll of acquirement {unknown}
 u - 3 scrolls of magic mapping
 D - 2 scrolls of recharging {unknown}
Potions
 e - a potion of agility
 n - 4 potions of curing
 A - a potion of flight {unknown}
 E - 2 potions of might
 J - a potion of invisibility {unknown}
 K - 2 potions of magic {unknown}
Books
 H - a book of Enchantments

   Spells                             Type                      Level
   a - Cause Fear                     Hexes                        4
   b - Yara's Violent Unravelling     Hexes/Transmutation          5
   c - Silence                        Hexes/Air                    5
   d - Deflect Missiles               Charms/Air                   6
   e - Haste                          Charms                       6
   f - Discord                        Hexes                        8
Comestibles
 f - 11 bread rations
 v - 10 slices of pizza
 w - a royal jelly
 x - 4 meat rations


   Skills:
 * Level 10.9(15.9) Fighting
 * Level 10.4(15.4) Long Blades
 + Level 4.7(9.7) Throwing
 * Level 10.7(15.7) Armour
 + Level 6.8(11.8) Dodging
 * Level 10.9(15.9) Shields
 + Level 5.1 Invocations


You had 10 spell levels left.
You didn't know any spells.

Dungeon Overview and Level Annotations

Branches:
Dungeon (8/15)             Temple (1/1) D:7            Lair (2/8) D:8

Altars:
Ashenzari
Cheibriados
Dithmenos
Elyvilon
Fedhas
Gozag
Kikubaaqudgha
Makhleb
Nemelex Xobeh
Okawaru
Pakellas
Qazlal
Ru
Sif Muna
Vehumet
Xom
Yredelemnul
Zin

Annotations:
Lair:2 exclusion: 3 doors


Innate Abilities, Weirdness & Mutations

You reflexively headbutt those who attack you in melee.
You have a pair of horns on your head.
You are surrounded by a mild repulsion field (EV +2).
You are partially covered in molten scales (AC +1).
You expend magic power (3 MP) to strengthen your wands.


Message History

Press: ? - help, Shift-Dir - straight line, f - 18-headed hydra
Aim: an 18-headed hydra (lightly wounded)
You throw a javelin. The javelin hits the 18-headed hydra.
The 18-headed hydra is lightly wounded.
You block the 18-headed hydra's attack.
The 18-headed hydra bites you but does no damage.
You block the 18-headed hydra's attack. The 18-headed hydra misses you.
You block the 18-headed hydra's attack.
The 18-headed hydra bites you but does no damage.
The 18-headed hydra bites you.
* * * LOW HITPOINT WARNING * * *
The 18-headed hydra barely misses you. The 18-headed hydra closely misses you.
The 18-headed hydra bites you!
* * * LOW HITPOINT WARNING * * *
The 18-headed hydra misses you. The 18-headed hydra bites you.
* * * LOW HITPOINT WARNING * * *
The 18-headed hydra closely misses you.
The 18-headed hydra bites you but does no damage. x2
The 18-headed hydra barely misses you. The 18-headed hydra bites you!
You die...

.................................
#P#..#..P.P#....#######.#.###P...
#####.######...#.# ##### #....
### #....### ###... ##....#
#..... ########....###### ###....
####.#.#..P.....#...#######.#....
.................................
...............D@................
.................................
.######..###.###P#P###.##.#......
#.### #### ### ##### ########....
#...########.###.#P#####.###.#...
..(.............>................
.................................
.................................
.####..#####..P#.####.#######P...


You could see a 18-headed hydra.

Vanquished Creatures
  A hydra (Lair:2)
  Urug (Lair:2)
  Nergalle (Lair:2)
  An unseen horror (D:8)
  A griffon (Lair:1)
  2 ice statues (IceCv)
  A black mamba (Lair:1)
  3 spiny frogs
  4 komodo dragons
  2 rime drakes
  5 ice devils (IceCv)
  Grinder (D:4)
  A two-headed ogre (D:8)
  Sigmund (D:3)
  5 yaks (Lair:1)
  The ghost of barb4r1an the Cudgeler, an amateur NaGl (D:3)
  2 hippogriffs (Lair:1)
  A basilisk (D:7)
  Menkaure (D:5)
  2 hungry ghosts (D:8)
  Edmund (D:5)
  4 water moccasins
  Duvessa (D:4)
  4 porcupines
  2 orc warriors (D:8)
  2 phantoms (D:6)
  A black bear (Lair:1)
  4 ogres
  An ice beast (D:5)
  6 wolves (Lair:2)
  A centaur (D:8)
  A crocodile (Lair:2)
  A big kobold (Sewer)
  Blork the orc (D:5)
  7 giant frogs
  Dowan (D:4)
  6 scorpions
  10 wights (D:7)
  3 howler monkeys (D:7)
  An electric eel (Lair:1)
  4 crimson imps (D:8)
  2 orc priests
  4 giant frog skeletons
  2 giant frog zombies
  6 hounds
  4 orc wizards
  7 iguanas
  5 worker ants
  2 hound zombies (D:8)
  A worker ant zombie (D:5)
  10 gnolls
  19 adders
  8 river rats
  A shadow imp (D:8)
  9 white imps (IceCv)
  4 ufetubi (IceCv)
  8 oozes
  An adder skeleton (D:5)
  2 dart slugs
  3 worms
  6 giant geckos
  31 orcs
  7 ball pythons
  4 bats
  7 giant cockroaches
  4 goblins
  10 hobgoblins
  3 jackals (D:1)
  3 quokkas
  2 giant gecko skeletons
  3 giant newts
  14 kobolds
  A quokka zombie (D:5)
  8 rats
300 creatures vanquished.

Vanquished Creatures (others)
  2 white imps (IceCv)
  2 ufetubi (IceCv)
  A fungus (Lair:2)
  2 plants (D:8)
7 creatures vanquished.

Grand Total: 307 creatures vanquished

Notes
Turn   | Place    | Note
--------------------------------------------------------------
     0 | D:1      | Kidiri the Minotaur Fighter began the quest for the Orb.
     0 | D:1      | Reached XP level 1. HP: 19/19 MP: 0/0
   252 | D:1      | Reached XP level 2. HP: 19/27 MP: 1/1
   746 | D:2      | Reached XP level 3. HP: 33/33 MP: 2/2
   862 | D:2      | Reached skill level 1 in Dodging
   965 | D:2      | Reached XP level 4. HP: 34/40 MP: 3/3
  1292 | D:3      | Noticed barb4r1an's ghost (amateur NaGl)
  1304 | D:3      | Killed barb4r1an's ghost
  1304 | D:3      | Reached XP level 5. HP: 19/47 MP: 4/4
  1568 | D:3      | Reached skill level 5 in Shields
  1659 | D:3      | Noticed an ogre
  1669 | D:3      | Reached XP level 6. HP: 55/55 MP: 5/5
  1675 | D:3      | Reached skill level 5 in Fighting
  1675 | D:3      | Reached skill level 5 in Armour
  2104 | D:3      | Noticed Sigmund
  2124 | D:3      | Killed Sigmund
  2124 | D:3      | Reached XP level 7. HP: 49/61 MP: 6/6
  2354 | D:4      | Noticed Duvessa
  2354 | D:4      | Noticed Dowan
  2586 | D:4      | Reached skill level 5 in Long Blades
  2598 | D:4      | Killed Duvessa
  2629 | D:4      | Killed Dowan
  2781 | D:4      | Found a white marble altar of Elyvilon.
  3122 | D:4      | Found a basalt altar of Yredelemnul.
  3270 | D:4      | Noticed Grinder
  3293 | D:4      | Killed Grinder
  3293 | D:4      | Reached XP level 8. HP: 64/71 MP: 7/7
  3317 | D:4      | Found a deep blue altar of Sif Muna.
  4124 | D:4      | You fall through a shaft for 3 floors!
  4181 | D:7      | Found a staircase to the Ecumenical Temple.
  4193 | Temple   | Entered the Ecumenical Temple
  4427 | D:7      | Found an iron altar of Okawaru.
  4506 | D:7      | Reached skill level 1 in Throwing
  4560 | D:7      | Became a worshipper of Warmaster Okawaru
  4735 | D:7      | Reached skill level 1 in Invocations
  4735 | D:7      | Reached XP level 9. HP: 65/79 MP: 8/8
  4784 | D:7      | Found a sacrificial altar of Ru.
  4820 | D:7      | Reached * piety under Okawaru
  4998 | D:7      | Found a shattered altar of Ashenzari.
  5786 | D:6      | Got a crude chain mail
  5797 | D:6      | Identified the cursed +1 chain mail of the Pink Corner {Stlth+} (You found it on level 6 of the Dungeon)
  5799 | D:6      | Gained mutation: You are surrounded by a mild repulsion field (EV +2). [potion of mutation]
  5799 | D:6      | Gained mutation: You expend magic power (3 MP) to strengthen your wands. [potion of mutation]
  5799 | D:6      | Gained mutation: You are partially covered in molten scales (AC +1). [potion of mutation]
  6394 | D:5      | Entered Level 5 of the Dungeon
  6395 | D:5      | Noticed Blork the orc
  6396 | D:5      | Noticed Edmund
  6401 | D:5      | Killed Blork the orc
  6411 | D:5      | Killed Edmund
  6493 | D:5      | Found a glowing drain.
  6528 | Sewer    | Entered a sewer
  7254 | D:5      | Noticed Menkaure
  7259 | D:5      | Killed Menkaure
  7646 | D:5      | Found an oddly glowing altar of Pakellas.
  8000 | D:8      | Killed an unseen horror
  8000 | D:8      | Reached ** piety under Okawaru
  8000 | D:8      | Reached skill level 5 in Dodging
  8000 | D:8      | Reached XP level 10. HP: 60/90 MP: 11/11
  8352 | D:8      | Found a staircase to the Lair.
  8473 | D:8      | Found a glowing silver altar of Zin.
  8476 | D:8      | Found an ancient bone altar of Kikubaaqudgha.
  8537 | D:8      | Reached *** piety under Okawaru
  9039 | D:8      | Found a burning altar of Makhleb.
  9040 | D:8      | Found a shimmering altar of Xom.
  9247 | Lair:1   | Entered Level 1 of the Lair of Beasts
  9262 | Lair:1   | Noticed a black mamba
  9274 | Lair:1   | Killed a black mamba
  9280 | Lair:1   | Found a frozen archway.
  9310 | IceCv    | Entered an ice cave
  9388 | IceCv    | Noticed an ice statue
  9388 | IceCv    | Noticed an ice statue
  9404 | IceCv    | Killed an ice statue
  9646 | IceCv    | Killed an ice statue
  9711 | IceCv    | Reached **** piety under Okawaru
  9879 | IceCv    | Reached XP level 11. HP: 83/99 MP: 10/13
  9911 | IceCv    | Reached skill level 10 in Shields
 10004 | IceCv    | Got a transparent ice dragon armour
 10035 | IceCv    | Identified the cursed +1 ice dragon armour of Pakellas's Fury {rElec rF- rC++} (You found it in an ice cave)
 10151 | Lair:1   | Reached skill level 10 in Fighting
 10212 | Lair:1   | Noticed a griffon
 10222 | Lair:1   | Killed a griffon
 10222 | Lair:1   | Reached skill level 10 in Armour
 10232 | Lair:1   | Reached ***** piety under Okawaru
 10244 | Lair:1   | Received a gift from Okawaru
 11076 | Lair:2   | Found a deep blue altar of Sif Muna.
 11183 | Lair:2   | Reached skill level 10 in Long Blades
 11408 | Lair:2   | Noticed Nergalle
 11411 | Lair:2   | Noticed a spectral orc warlord
 11429 | Lair:2   | Killed Nergalle
 11528 | Lair:2   | Noticed a six-headed hydra
 11547 | Lair:2   | Killed a 19-headed hydra
 11547 | Lair:2   | Reached skill level 5 in Invocations
 11780 | Lair:2   | Noticed Urug
 11804 | Lair:2   | Killed Urug
 12000 | Lair:2   | Noticed an eight-headed hydra
 12023 | Lair:2   | Slain by an 18-headed hydra

Vault maps used:
D:1:      dpeg_arrival_tiny_h, minmay_box_of_dots
D:2:      first_bread
D:3:      guppyfry_early_orc_mine, uniq_sigmund
D:4:      kennysheep_ying_yang, tgw_sif, uniq_grinder, uniq_duvessa
D:5:      grunt_pakellas_mercury, gup_sewer_entry_glass, interstate_on_off,
          uniq_menkaure, uniq_edmund, uniq_blork_the_orc
D:6:      hangedman_decor_lopped
D:7:      statuecave_lemuel, okawaru_ov_weapons_minmay, hangedman_ru_absence,
          lemuel_crystal_altar, temple_fountains
D:8:      grunt_temple_overflow_champion_of_chaos, grunt_temple_overflow_open,
          david_lair_shrubbed, grunt_pizzeria
Temple:   minmay_temple_bridge_a_8
Lair:1:   portal_ice_cave_entry_pillars_01, hangedman_lair_generics_rect,
          infiniplex_staircase_pool
Lair:2:   basic_altar, zaba_antful_of_joy, uniq_nergalle, uniq_urug
Sewer:    sewer_co_tree
IceCv:    ice_cave_small_demon

Skill      XL: |  1  2  3  4  5  6  7  8  9 10 11 |
---------------+----------------------------------+-----
Long Blades    | 3 4 5 6 7 9 10 | 10.4
Fighting       | 4 5 6 7 8 9 10 | 10.9
Armour         | 4 5 6 7 8 9 10 | 10.7
Dodging        | 1 2 3 5 6 |  6.8
Shields        | 4 5 6 7 8 9 10 | 10.9
Throwing       | 1 3 4 |  4.7
Invocations    | 1 2 4 5 |  5.1

Action                   |  1- 3 |  4- 6 |  7- 9 | 10-12 || total
-------------------------+-------+-------+-------+-------++-------
Melee: Long sword        |    97 |    91 |   165 |       ||   353
       Headbutt          |     9 |    13 |    96 |   137 ||   255
       Falchion          |       |       |   375 |   542 ||   917
       Demon whip        |       |       |       |    55 ||    55
Throw: Stone             |       |       |    31 |       ||    31
       Javelin           |       |       |       |     1 ||     1
       Throwing net      |       |       |       |     1 ||     1
Invok: Heroism           |       |       |       |     9 ||     9
       Finesse           |       |       |       |     3 ||     3
  Use: Scroll            |     1 |     2 |    10 |     4 ||    17
       Potion            |       |     3 |     1 |     1 ||     5
 Stab: Held in net/web   |       |       |       |     2 ||     2
  Eat: Chunk             |       |     2 |    14 |    10 ||    26
       Royal jelly       |       |     1 |       |       ||     1
       Beef jerky        |       |       |     1 |     1 ||     2
       Bread ration      |       |       |     1 |       ||     1
       Fruit             |       |       |       |     6 ||     6
Armor: Chain mail        |    52 |    42 |   221 |    79 ||   394
       Scale mail        |     3 |       |       |       ||     3
       Skin              |       |     2 |       |       ||     2
       Ice dragon armour |       |       |       |   152 ||   152
Dodge: Dodged            |    19 |    21 |   131 |   277 ||   448
Block: Shield            |    49 |    56 |   261 |   342 ||   708
